Cogmind - Beta 13 @@@ ROGUE MODE // 2024.04.16 @ 15:25:48 Player: m1m1c Result: Destroyed by G-47 Trooper with Particle Gun Performance ------------- Evolutions (2) 1000 Regions Visited (5) 1000 Robots Destroyed (14) 70 Value Destroyed (214) 214 Prototype IDs (4) 80 Alien Tech Used (0) 0 Bonus (0) 0 TOTAL SCORE: 2364 Bonus ------- None Cogmind --------- Core Integrity 0/550 Matter 63/300 Energy 100/100 System Corruption 0% Temperature Cool (9) Movement Core (200) Ox3 Location -8/Materials Parts ------- > --- POWER (1) -------- (None) > --- PROPULSION (4) --- (None) > --- UTILITY (4) ------ Medium Storage Unit > --- WEAPON (2) ------- (None) > --- INVENTORY (10) --- Flight Unit Flight Unit Improved Signal Interpreter Hacking Suite Grenade Launcher Peak State ------------ > --- POWER ------------ Light Ion Engine > --- PROPULSION ------- Flight Unit Flight Unit Flight Unit Flight Unit > --- UTILITY ---------- Small Storage Unit Light Armor Plating Hacking Suite System Shield > --- WEAPON ----------- Light Assault Rifle Improved Datajack > --- INVENTORY -------- Flight Unit Flight Unit Flight Unit Medium Storage Unit Weight Redist. System Light Armor Plating Grenade Launcher Plasma Cutter [Rating: 18] Favorites ----------- Power Light Ion Engine Engine Light Ion Engine Propulsion Flight Unit Leg Aluminum Leg Flight Unit Flight Unit Utility Small Storage Unit Device Weight Redist. System Storage Small Storage Unit Hackware Hacking Suite Protection Light Armor Plating Weapon Light Assault Rifle Energy Gun Small Laser Ballistic Gun Light Assault Rifle Launcher Grenade Launcher Special Melee Weapon Improved Datajack Build | -11 -10 -10 -9 -9 -8 ------- Run | Yrd Mat Min Mat Min Mat Slots Evolved 4 | . . . 2 . 2 Power . | . . . . . . Propulsion 2 | . . . 2 . . Utility 2 | . . . . . 2 Weapon . | . . . . . . Parts Attached 41 | . 27 1 4 . 9 Power 2 | . 2 . . . . Engine 2 | . 2 . . . . Core . | . . . . . . Reactor . | . . . . . . Propulsion 11 | . 8 . 2 . 1 Treads . | . . . . . . Leg 2 | . 2 . . . . Wheel . | . . . . . . Hover . | . . . . . . Flight 9 | . 6 . 2 . 1 Utility 9 | . 1 1 1 . 6 Device 1 | . . . . . 1 Storage 1 | . . . . . 1 Processor . | . . . . . . Hackware 2 | . . . . . 2 Protection 5 | . 1 1 1 . 2 Artifact . | . . . . . . Weapon 19 | . 16 . 1 . 2 Energy Gun 1 | . . . . . 1 Energy Cannon . | . . . . . . Ballistic Gun 12 | . 11 . 1 . . Ballistic Cannon . | . . . . . . Launcher 5 | . 5 . . . . Special Weapon . | . . . . . . Impact Weapon . | . . . . . . Slashing Weapon . | . . . . . . Piercing Weapon . | . . . . . . Special Melee Weapon 1 | . . . . . 1 Unidentified Prototypes 1 | . . . . . 1 Parts Lost 17 | . 6 . . . 11 Power 3 | . 2 . . . 1 Propulsion 8 | . 3 . . . 5 Utility 3 | . . . . . 3 Weapon 3 | . 1 . . . 2 Highest Loss Streak 11 | . 3 . . . 11 To Critical Strikes . | . . . . . . Average Slot Usage (%) 70 | . 67 57 88 88 73 Engine 11 | . 13 14 11 11 7 Leg 3 | . 6 . . . . Flight 26 | . 20 28 44 44 31 Storage 12 | . 14 14 11 11 9 Hackware 1 | . . . . . 7 Protection 3 | . . . 11 11 7 Ballistic Gun 8 | . 8 . 11 11 7 Launcher 2 | . 3 . . . . Naked Turns . | . . . . . . Heaviest Build 16 | 10 12 8 12 12 16 Greatest Support 20 | 20 20 8 16 16 16 Greatest Overweight (x) 4 | . 3 . . . 4 Average Overweight (x) . | . . . . . . Largest Inventory Capacity 10 | . 8 8 8 8 10 Average Capacity 8 | . 8 8 8 8 8 Most Carried 8 | . 8 8 7 6 8 Average Carried 6 | . 6 7 4 6 7 Final Capacity 10 | 8 8 8 8 8 10 Final Carried 8 | 6 8 8 6 6 5 Class Distribution -------------------- 59% | Mutant 40% | Sprinter Dominant Class ---------------- Mutant | -10/Materials Mutant | -10/Mines Sprinter | -9/Materials Sprinter | -9/Mines Sprinter | -8/Materials Resources | -11 -10 -10 -9 -9 -8 ----------- Run | Yrd Mat Min Mat Min Mat Matter Collected 405 | 200 167 26 . . 12 Remotely . | . . . . . . Salvage Created 255 | . 206 . . . 49 Parts 28 | . 24 . . . 4 Haulers Intercepted 1 | . . . . . 1 Recyclers Shooed . | . . . . . . Parts Field Recycled . | . . . . . . Retrieved Matter . | . . . . . . Parts Self-Destructed . | . . . . . . Prevented . | . . . . . . Kills | -11 -10 -10 -9 -9 -8 ------- Run | Yrd Mat Min Mat Min Mat Combat Hostiles Destroyed 9 | . 9 . . . . Guns 3 | . 3 . . . . AOE 6 | . 6 . . . . Classes Destroyed 6 | . 5 . . . 1 Hauler 1 | . . . . . 1 Recycler 1 | . 1 . . . . Operator 1 | . 1 . . . . Watcher 2 | . 2 . . . . Swarmer 7 | . 7 . . . . Grunt 2 | . 2 . . . . Best Kill Streak 4 | . 4 . . . 1 Combat Bots Only 3 | . 3 . . . . Max Kills in Single Turn 4 | . 4 . . . 1 Gunslinging . | . . . . . . Exploded 3 | . 3 . . . . Melee . | . . . . . . Uniques/NPCs Destroyed . | . . . . . . Combat | -11 -10 -10 -9 -9 -8 -------- Run | Yrd Mat Min Mat Min Mat Hostile Shots Fired 157 | . 65 . 2 . 90 Missed 58 | . 27 . 1 . 30 Damage Taken 1635 | . 549 . 7 . 1079 Core 733 | . 171 . . . 562 Absorbed by Shields . | . . . . . . Core Remaining (%) 77 | 100 . 31 . 100 . Volleys Fired 55 | . 39 . 5 . 11 Largest 2 | . 2 . 1 . 1 Hottest 50 | . 50 . 20 . 20 Shots Fired 56 | . 40 . 5 . 11 Gun 52 | . 36 . 5 . 11 Cannon . | . . . . . . Launcher 4 | . 4 . . . . Special . | . . . . . . Kinetic 52 | . 36 . 5 . 11 Thermal . | . . . . . . Explosive 4 | . 4 . . . . Electromagnetic . | . . . . . . Robot Hit Streak 7 | . 7 . 2 . 3 Robot Miss Streak 3 | . 2 . 2 . 3 Penetration Max . | . . . . . . Secondary Targets . | . . . . . . Shots Hit Robots 33 | . 25 . 2 . 6 Core Hits 23 | . 20 . . . 3 Critical Kills . | . . . . . . Critical Parts Destroyed . | . . . . . . Critical Strikes . | . . . . . . Melee Attacks 1 | . . . . . 1 Impact . | . . . . . . Slashing . | . . . . . . Piercing . | . . . . . . Sneak Attacks 1 | . . . . . 1 Combat Hostiles . | . . . . . . Follow-up Attacks . | . . . . . . Damage Inflicted 595 | . 525 . 19 . 51 Guns 304 | . 244 . 19 . 41 Cannons . | . . . . . . Explosions 281 | . 281 . . . . Melee . | . . . . . . Ramming 10 | . . . . . 10 Kinetic 304 | . 244 . 19 . 41 Thermal . | . . . . . . Explosive 281 | . 281 . . . . Electromagnetic . | . . . . . . Impact . | . . . . . . Slashing . | . . . . . . Piercing . | . . . . . . Highest Corruption . | . . . . . . Average Corruption . | . . . . . . Corruption Purged . | . . . . . . Corruption Blocked . | . . . . . . Overload Shots . | . . . . . . Overflow Damage . | . . . . . . Projectiles . | . . . . . . Explosions . | . . . . . . Melee . | . . . . . . Knockbacks . | . . . . . . Impact . | . . . . . . Kinetic . | . . . . . . Secondary . | . . . . . . Self-Inflicted Damage 43 | . 39 . . . 4 Shots 1 | . 1 . . . . Rammed 3 | . . . . . 3 Targets Rammed 3 | . . . . . 3 Kicked . | . . . . . . Crushed . | . . . . . . Highest Temperature 475 | . 10 . 12 . 475 Average Temperature 110 | . 3 . 6 . 147 Received Heat Transfer 186 | . 42 . . . 144 Effects 3 | . . . . . 3 Shutdowns 1 | . . . . . 1 Damage (minor) 2 | . . . . . 2 Siege Activations . | . . . . . . Robots Corrupted . | . . . . . . Combat Hostiles . | . . . . . . Parts Fried . | . . . . . . Impact Corruptions . | . . . . . . Robots Melted . | . . . . . . Combat Hostiles . | . . . . . . Parts Melted . | . . . . . . Heat Transferred . | . . . . . . Parts Sabotaged . | . . . . . . Parts Stolen . | . . . . . . Parts Stripped . | . . . . . . Power Chain Reactions . | . . . . . . Alert | -11 -10 -10 -9 -9 -8 ------- Run | Yrd Mat Min Mat Min Mat Peak Influence 261 | . 261 52 54 21 87 Initial 52 | . . 52 20 21 7 Average 91 | . 124 52 36 21 28 Maximum Alert Level 1 | . 1 . . . . Low Security (%) 78 | . 67 100 100 100 100 Level 1 21 | . 32 . . . . Level 2 . | . . . . . . Level 3 . | . . . . . . Level 4 . | . . . . . . Level 5 . | . . . . . . High Security . | . . . . . . Max Security . | . . . . . . Squads Dispatched 5 | . 2 . . . 3 Investigation 2 | . 1 . . . 1 Extermination . | . . . . . . Reinforcement 3 | . 1 . . . 2 Assault . | . . . . . . Garrison . | . . . . . . Intercept . | . . . . . . Searches Triggered . | . . . . . . Construction Impeded . | . . . . . . Haulers Reinforced . | . . . . . . Active Scanning Responses . | . . . . . . Cargo Convoy Interrupts . | . . . . . . Stealth | -11 -10 -10 -9 -9 -8 --------- Run | Yrd Mat Min Mat Min Mat Distress Signals 2 | . 1 . . . 1 Communications Jammed . | . . . . . . Distress Signals . | . . . . . . Times Spotted 49 | . 22 . 5 . 22 Peak Tracking Total 13 | . 4 . 5 . 13 Tactical Retreats 5 | . 2 . . . 3 Traps | -11 -10 -10 -9 -9 -8 ------- Run | Yrd Mat Min Mat Min Mat Traps Triggered 2 | . 2 . . . . Indirectly . | . . . . . . Trap Hack Attempts . | . . . . . . Triggered . | . . . . . . Disarmed . | . . . . . . Reprogrammed . | . . . . . . Reused . | . . . . . . Traps Extracted . | . . . . . . Installed . | . . . . . . Triggered . | . . . . . . Machines | -11 -10 -10 -9 -9 -8 ---------- Run | Yrd Mat Min Mat Min Mat Machines Disabled 2 | . 2 . . . . Max in Single Turn 1 | . 1 . . . . Machines Repaired . | . . . . . . Machines Dismantled . | . . . . . . Machines Sabotaged . | . . . . . . Overloaded Fab Kills . | . . . . . . Hacking | -11 -10 -10 -9 -9 -8 --------- Run | Yrd Mat Min Mat Min Mat Machines Accessed 11 | . 4 . 3 . 4 Terminals 10 | . 4 . 2 . 4 Fabricators . | . . . . . . Repair Stations . | . . . . . . Recycling Units . | . . . . . . Scanalyzers 1 | . . . 1 . . Garrison Access . | . . . . . . Total Hacks 19 | . 6 . 5 . 8 Successful 11 | . 4 . 4 . 3 Failed 8 | . 2 . 1 . 5 Catastrophic 2 | . . . . . 2 Database Lockouts . | . . . . . . Manual 6 | . 3 . 1 . 2 Terminals 17 | . 6 . 3 . 8 Fabricators . | . . . . . . Repair Stations . | . . . . . . Recycling Units . | . . . . . . Scanalyzers 2 | . . . 2 . . Garrison Access . | . . . . . . Terminal Hacks 9 | . 4 . 2 . 3 Prototype ID Bank 1 | . . . . . 1 Unreport Threat 1 | . . . . . 1 Hauler Manifests 2 | . 1 . 1 . . Registered Components 2 | . 2 . . . . Zone Layout 3 | . 1 . 1 . 1 Fabricator Hacks . | . . . . . . Repair Station Hacks . | . . . . . . Recycling Unit Hacks . | . . . . . . Scanalyzer 2 | . . . 2 . . Insert Component 1 | . . . 1 . . Analyze 1 | . . . 1 . . Garrison Access Hacks . | . . . . . . Unauthorized Hacks . | . . . . . . Terminals . | . . . . . . Fabricators . | . . . . . . Repair Stations . | . . . . . . Recycling Units . | . . . . . . Scanalyzers . | . . . . . . Garrison Access . | . . . . . . Data Cores Recovered . | . . . . . . Used . | . . . . . . Hacking Detections 9 | . 3 . 2 . 4 Full Trace Events 1 | . . . . . 1 Feedback Events . | . . . . . . Feedback Blocked . | . . . . . . Robot Schematics Acquired . | . . . . . . Robots Built . | . . . . . . Authchips . | . . . . . . Time . | . . . . . . Total Robot Build Rating . | . . . . . . Part Schematics Acquired 1 | . . . 1 . . Parts Built . | . . . . . . Authchips . | . . . . . . Time . | . . . . . . Total Part Build Rating . | . . . . . . Parts Repaired . | . . . . . . Time . | . . . . . . Parts Recycled . | . . . . . . Recycled Matter . | . . . . . . Retrieved Matter . | . . . . . . Retrieved Components . | . . . . . . Parts Scanalyzed 1 | . . . 1 . . Part Schematics Acquired 1 | . . . 1 . . Parts Damaged . | . . . . . . Bothacking | -11 -10 -10 -9 -9 -8 ------------ Run | Yrd Mat Min Mat Min Mat Used RIF Installer . | . . . . . . Robots Hacked . | . . . . . . Non-combat . | . . . . . . Combat . | . . . . . . Robot Hacks Applied . | . . . . . . Relay Couplers Released . | . . . . . . Fabnet Peak Effective % . | . . . . . . Robots Rewired . | . . . . . . Allies Hacked . | . . . . . . Hacks Repelled . | . . . . . . Allies | -11 -10 -10 -9 -9 -8 -------- Run | Yrd Mat Min Mat Min Mat Total Allies 3 | . . . . 3 . Largest Group 3 | . . . . 3 . Highest-Rated Group 40 | . . . . 40 . Highest-Rated Ally 16 | . . . . 16 . Total Orders . | . . . . . . Ally Attacks . | . . . . . . Total Damage . | . . . . . . Kills . | . . . . . . Allies Corrupted . | . . . . . . Allies Melted . | . . . . . . Intel | -11 -10 -10 -9 -9 -8 ------- Run | Yrd Mat Min Mat Min Mat Robot Analysis Total . | . . . . . . Derelict Logs Recovered 1 | . . 1 . . . Drone Launches . | . . . . . . Drone Recoveries . | . . . . . . Exploration | -11 -10 -10 -9 -9 -8 ------------- Run | Yrd Mat Min Mat Min Mat Turns Passed 722 | . 465 20 70 15 152 Spaces Moved 1103 | 1 540 48 177 49 288 Core 6 | . 2 . . . 4 Treads . | . . . . . . Legs 74 | 1 73 . . . . Wheels . | . . . . . . Hover . | . . . . . . Flight 1023 | . 465 48 177 49 284 Fastest Speed 31 | 120 37 37 31 31 31 Average Speed 47 | 120 61 37 31 31 35 Slowest Speed 280 | 120 200 37 31 31 280 Overloaded Moves . | . . . . . . Propulsion Burnouts . | . . . . . . Robots Hopped 11 | . 2 . 2 1 6 Cave-ins Triggered . | . . . . . . Exploration Rate (%) 24 | 2 65 13 20 17 30 Regions Visited 5 Branch Regions 2 Pre-discovered Areas 1 | . . 1 . . . Known Exits Taken 1 | . . . . 1 . Unknown Exits Taken 4 | 1 1 1 1 . . Scrap Searched 1 | . . 1 . . . Spaces Dug . | . . . . . . Terrain Destroyed 23 | . 23 . . . . Melee . | . . . . . . Projectile . | . . . . . . AOE 23 | . 23 . . . . Terrain Rammed . | . . . . . . Walls Destroyed . | . . . . . . Machines Disabled . | . . . . . . Actions | -11 -10 -10 -9 -9 -8 --------- Run | Yrd Mat Min Mat Min Mat Total 1248 | . 644 51 185 47 321 Wait 10 | . 4 . . . 6 Move 1077 | . 535 47 173 46 276 Hop 10 | . 2 . 1 1 6 Pick Up 17 | . 11 . 2 . 4 Fast Attach 16 | . 12 . . . 4 Attach 25 | . 15 1 4 . 5 Detach 16 | . 12 2 . . 2 Swap . | . . . . . . Drop 18 | . 14 1 . . 3 Fire 55 | . 39 . 5 . 11 Melee 1 | . . . . . 1 Ram 3 | . . . . . 3 Kick . | . . . . . . Crush . | . . . . . . Escape Stasis . | . . . . . . Rewire . | . . . . . . Trap . | . . . . . . Miscellaneous . | . . . . . . Route ------- -11/Scrapyard -10/Materials (discovered 3 exits: *Mat x2 / [*Min]) -10/Mines -9/Materials (discovered 2 exits: Mat / [*Min]) -9/Mines -8/Materials (discovered 1 exit: [*Fac]) History --------- Turn | Location | Event 1 | -11/Scrapyard | Discovered new exit (range 0) 1 | -11/Scrapyard | Entered Materials 59 | -10/Materials | Discovered new exit (range 7) 131 | -10/Materials | Discovered new exit (range 8) 285 | -10/Materials | Core integrity fell below 50% 324 | -10/Materials | Lost 3 parts (1p2n) 360 | -10/Materials | Build established: Mutant 370 | -10/Materials | Discovered new exit (range 14) 466 | -10/Materials | Entered Mines 467 | -10/Mines | Learned location of Storage (-8) 478 | -10/Mines | Learned location of 1 exit from Materials 484 | -10/Mines | Discovered new exit (range 5) 486 | -10/Mines | Entered Materials 486 | -9/Materials | Evolved 2 slots: Propulsion x2 487 | -9/Materials | Identified exit to Materials 542 | -9/Materials | Discovered new exit (range 15) 556 | -9/Materials | Entered Mines 562 | -9/Mines | Assisted by bots powering up and referring to "LRC-V3" 569 | -9/Mines | Discovered exit to Materials (range 7) 571 | -9/Mines | Entered Materials 571 | -8/Materials | Evolved 2 slots: Utility x2 699 | -8/Materials | Discovered new exit (range 10) 712 | -8/Materials | Core integrity fell below 50% 719 | -8/Materials | Core integrity fell below 20% 723 | -8/Materials | Destroyed by G-47 Trooper with Particle Gun Last Messages --------------- U-05 Engineer lays Concrete. K-01 Serf collects debris. Acquired 8 matter. Knocked back. S-10 Pest system corrupted by crushing effect. System Shield severed. S-10 Pest system terminally corrupted. U-05 Engineer lays Concrete. U-05 Engineer builds a Wall. R-06 Scavenger collects Corrupted Lgt. Assault Rifle. K-01 Serf collects debris. U-05 Engineer lays Concrete. Sml. Storage Unit destroyed. K-01 Serf collects debris. U-05 Engineer lays Concrete. U-05 Engineer builds a Wall. R-06 Scavenger collects Lgt. Armor Plating. U-05 Engineer lays Concrete. Map ----- +----------------------------------------------------+ | | | | | | | | | | | | | | | | | | | | | | | | | | | | | | | ?????????????????????????????????????????????????? | | ?????????????????????????????????????????????????? | | ?????????????????????????????????????????????????? | | ?????????????????????????????????????????????????? | | ?????????????????????????????????????????????????? | | ?????????????????????????????????????????????????? | | ?????????????????????????????????????????????????? | | ???????????????????##############????????###?????? | | ????????????????#### ## ;## ######## ##????? | | ????????????????# s u YY ??? | | ????????????????#